 Dungeon Crawl Stone Soup version 0.18.1-6-gd335043 (webtiles) character file.

256 imganon the Conjurer (level 5, -3/35 HPs)
             Began as a Demonspawn Wizard on May 19, 2016.
             Killed by divine providence
             ... invoked by an orc priest
              (9 damage)
             ... on level 3 of the Dungeon.
             The game lasted 00:08:38 (3575 turns).

imganon the Conjurer (Demonspawn Wizard)            Turns: 3575, Time: 00:08:39

Health: -3/35      AC:  2    Str:  7    XL:     5   Next: 92%
Magic:  9/9        EV: 12    Int: 20    God:
Gold:   128        SH:  6    Dex: 12    Spells: 4 memorised, 2 levels left

rFire  . . .     SeeInvis .     (no weapon)
rCold  . . .     Gourm    .     a - +0 robe
rNeg   . . .     Faith    .     (no shield)
rPois  .         Spirit   .     b - +0 hat
rElec  .         Dismiss  .     (no cloak)
rCorr  .         Reflect  +     (no gloves)
SustAt .         Harm     .     (no boots)
MR     .....                    k - +6 amulet of reflection
Stlth  ++........               (no ring)
                                (no ring)

@: not resistant to hostile enchantments, unstealthy
A: hooves 1, powered by pain 1
a: no special abilities


You were on level 3 of the Dungeon.
You were not hungry.

You visited 1 branch of the dungeon, and saw 4 of its levels.

You collected 128 gold pieces.

Inventory:

Armour
 a - a +0 robe (worn)
 b - a +0 hat (worn)
Jewellery
 k - a +6 amulet of reflection (around neck)
Scrolls
 e - 5 scrolls of teleportation {unknown}
 f - 2 scrolls of remove curse {unknown}
 g - a scroll of fog {unknown}
 m - a scroll of enchant weapon {unknown}
 n - 2 scrolls of amnesia {unknown}
 p - 2 scrolls of identify {unknown}
 t - a scroll of fear {unknown}
 u - a scroll of enchant armour {unknown}
Potions
 i - 2 potions of lignification {unknown}
 j - a potion of might {unknown}
 l - a potion of agility {unknown}
 o - 2 potions of curing
 q - a potion of haste {unknown}
 s - a potion of heal wounds {unknown}
Books
 c - a book of Minor Magic

   Spells                             Type                      Level
   a - Magic Dart                     Conjuration                  1
   b - Blink                          Translocation                2
   c - Call Imp                       Summoning                    2
   d - Repel Missiles                 Charms/Air                   2
   e - Slow                           Hexes                        2
   f - Conjure Flame                  Conjuration/Fire             3
   g - Mephitic Cloud                 Conjuration/Poison/Air       3
Comestibles
 d - 2 bread rations
 h - a meat ration
 r - 4 chunks of flesh


   Skills:
 - Level 1.7 Dodging
 - Level 1.7 Stealth
 + Level 3.2 Spellcasting
 * Level 5.8 Conjurations
   Level 1.0 Summonings
 - Level 0.8 Translocations


You had 2 spell levels left.
You knew the following spells:

 Your Spells              Type           Power        Failure   Level  Hunger
a - Magic Dart            Conj           ####         1%          1    None
b - Mephitic Cloud        Conj/Pois/Air  ##......     21%         3    ###....
c - Blink                 Tloc           N/A          17%         2    ##.....
d - Repel Missiles        Chrm/Air       #.....       24%         2    ##.....


Dungeon Overview and Level Annotations

Branches:
Dungeon (4/15)             Temple (0/1) D:4

Altars:
Elyvilon
Fedhas
Kikubaaqudgha
Nemelex Xobeh
Okawaru
Sif Muna
Yredelemnul


Innate Abilities, Weirdness & Mutations

You have large cloven feet.
You sometimes gain a little power by taking damage.


Message History

Confirm with . or Enter, or press ? or * to list all spells.
Aiming: Magic Dart
Press: ? - help, Shift-Dir - straight line, f/p - orc
Aim: an orc, wearing a ring mail (severely wounded)
The magic dart hits the orc.
You kill the orc!
The orc priest barely misses you. The orc hits you but does no damage.
Casting: Magic Dart
Confirm with . or Enter, or press ? or * to list all spells.
Okay, then.
Things that are here:
a ring mail; an orc corpse The orc priest casts a cantrip, but nothing happens.
The orc priest calls down the wrath of Beogh upon you.
Beogh smites you!
* * * LOW HITPOINT WARNING * * *
You focus on the pain.
You feel your power returning.
The orc priest mumbles some strange prayers to Beogh against you.
Beogh smites you!
You die...

####.##....#.#
#...........##...#
...........#.#
#.#)....#.###.....
####.#######.#
#...(.....# #.....
# #.# #.#
#.#.⌠.⌠.#.# #.....
# #.# #.#
#.........# #.....
# #.# #.#
#.#o....#.# #.....
#.#######.#
#...._....# #.....
####.#.......#
#.#.....#.# #)####
.....#.#######
#@........# #.#
######......#
#.#.⌠.⌠.#.# #.#
.........##.#
#.........# #.#
######.####.#
#.#.....#.###.####
######......#
#...).............
.....######.#
#####......#####..
####.# #.#
######## #.# #.#
### #.# #.# #.#


You could see an orc priest.

Vanquished Creatures
  The ghost of epen the Ruffian, a weakling DrTm of Kikubaaqudgha (D:3)
  A howler monkey (D:3)
  An orc priest (D:3)
  A gnoll (D:1)
  6 adders
  An ooze (D:2)
  2 dart slugs
  3 giant geckos
  8 orcs (D:3)
  A giant cockroach (D:3)
  8 goblins
  9 hobgoblins
  2 jackals (D:4)
  10 kobolds
  2 quokkas (D:2)
  A ball python (D:1)
  6 bats
  3 giant newts
  5 rats
71 creatures vanquished.

Vanquished Creatures (others)
  A human (D:2)
1 creature vanquished.

Grand Total: 72 creatures vanquished

Notes
Turn   | Place    | Note
--------------------------------------------------------------
     0 | D:1      | imganon the Demonspawn Wizard began the quest for the Orb.
     0 | D:1      | Reached XP level 1. HP: 13/13 MP: 4/4
   192 | D:1      | Reached skill level 2 in Conjurations
   208 | D:1      | Gained mutation: You sometimes gain a little power by taking damage. [demonic ancestry]
   208 | D:1      | Reached XP level 2. HP: 18/19 MP: 0/6
   809 | D:1      | Found a sparkling altar of Nemelex Xobeh.
   861 | D:2      | Reached skill level 3 in Conjurations
   861 | D:2      | Gained mutation: You have large cloven feet. [demonic ancestry]
   861 | D:2      | Reached XP level 3. HP: 24/24 MP: 1/7
  1551 | D:2      | Found an ancient bone altar of Kikubaaqudgha.
  1560 | D:2      | Noticed a human
  1562 | D:2      | Killed a human
  1695 | D:3      | Reached skill level 4 in Conjurations
  1695 | D:3      | Reached XP level 4. HP: 30/30 MP: 1/8
  1700 | D:3      | Learned a level 3 spell: Mephitic Cloud
  1703 | D:3      | Learned a level 2 spell: Blink
  1706 | D:3      | Learned a level 2 spell: Repel Missiles
  1961 | D:3      | Found an iron altar of Okawaru.
  1963 | D:3      | Found a deep blue altar of Sif Muna.
  2204 | D:3      | Reached XP level 5. HP: 35/35 MP: 3/9
  2205 | D:3      | Found a white marble altar of Elyvilon.
  2210 | D:3      | Reached skill level 5 in Conjurations
  2567 | D:3      | Found a blossoming altar of Fedhas.
  2646 | D:3      | Found a basalt altar of Yredelemnul.
  2810 | D:3      | Noticed epen's ghost (weakling DrTm)
  3144 | D:3      | Killed epen's ghost
  3277 | D:4      | Found a staircase to the Ecumenical Temple.
  3575 | D:3      | Killed from afar by an orc priest

Skill      XL: |  1  2  3  4  5 |
---------------+----------------+-----
Conjurations   | 2 3 4 5 |  5.8
Dodging        | |  1.7
Stealth        | |  1.7
Spellcasting   | |  3.2
Summonings     | |  1.0
Translocations | |  0.8

Action                   |  1- 3 |  4- 6 || total
-------------------------+-------+-------++-------
 Cast: Magic Dart        |   100 |   124 ||   224
  Use: Potion            |       |     1 ||     1
  Eat: Chunk             |     2 |     6 ||     8
Armor: Robe              |     8 |     6 ||    14
Dodge: Dodged            |    25 |    19 ||    44
Block: Other             |       |    10 ||    10
